AoeStats
← cristobalfelipeg

African Clearing

510423063Analyzed
2v2 RM · 2d ago on Sep 30, 2026· 63m 40s· 4 players
Game mode
Random Map
Map size
Medium (4 player)
Population
200
Speed
Normal
Resources
Standard
Victory
Conquest
Starting age
Dark Age
Ending age
Imperial Age
RankedLock teamsTeams togetherTeam positionsShared explorationLock speedFull tech treeHidden civsTurbo modeCheats
Victory
Defeat
🇺🇸 Danes · United States
1026
+17
🇬🇧 Franks · United Kingdom
982
+19
🇧🇪 Armenians · Belgium
1132
-22
🇨🇱 Chinese · Chile
947
-14
Dirty F150
12:39 Feudal Age
10:56 Loom
13:12 Double-Bit Axe
18:25 Castle Age
17:39 Scale Mail Armor
18:42 Forging
18:19 Arson
19:16 Squires
30:28 Iron Casting
35:46 Imperial Age
33:51 Chain Mail Armor
34:17 Hamask
35:17 Fletching
35:33 Gambesons
40:35 Elite Varangian Guard
42:41 Plate Mail Armor
47:08 Bow Saw
47:57 Conscription
49:59 Siege Engineers
52:47 Wheelbarrow
51:58 Town Watch
52:36 Ballistics
53:16 Chemistry
53:00 Northmen's Fury
56:17 Blast Furnace
56:25 Bodkin Arrow
58:11 Bracer
59:11 Hand Cart
62:43 Town Patrol
63:21 Hoardings
63:01 Masonry
62:47 Murder Holes
孔子
10:36 Loom
11:21 Loom
13:59 Feudal Age
14:54 Double-Bit Axe
22:44 Fletching
24:30 Wheelbarrow
31:29 Castle Age
31:03 Scale Barding Armor
31:09 Forging
32:53 Bow Saw
34:10 Husbandry
35:42 Town Watch
37:11 Gold Mining
38:18 Chain Barding Armor
37:56 Stone Mining
42:21 Iron Casting
44:19 Bodkin Arrow
50:40 Imperial Age
49:40 Hand Cart
48:54 Ordonnance Companies
50:03 Padded Archer Armor
52:05 Heavy Mounted Crossbowman
52:05 Cranequins
53:22 Conscription
53:28 Cavalier
55:21 Elite Skirmisher
61:38 Gold Shaft Mining
62:28 Hoardings
64:08 Blast Furnace
63:44 Plate Barding Armor
LSD SaChOuSs
4:50 Loom
13:28 Feudal Age
14:46 Man-at-Arms
15:47 Arson
16:24 Long Swordsman
17:14 Horse Collar
17:30 Double-Bit Axe
21:19 Wheelbarrow
20:49 Gold Mining
25:42 Castle Age
24:24 Scale Mail Armor
24:34 Forging
25:43 Two-Handed Swordsman
27:49 Hand Cart
28:01 Chain Mail Armor
30:37 Champion
31:56 Iron Casting
31:52 Heavy Plow
41:31 Imperial Age
42:04 Murder Holes
42:30 Ballistics
42:23 Squires
47:35 Plate Mail Armor
51:17 Blast Furnace
50:07 Fletching
50:18 Padded Archer Armor
51:17 Bow Saw
50:59 Stone Mining
51:45 Gold Shaft Mining
50:50 Pikeman
51:35 Halberdier
56:33 Conscription
cristobalfelipeg
4:29 Loom
15:11 Feudal Age
15:44 Man-at-Arms
17:56 Wheelbarrow
17:07 Double-Bit Axe
17:49 Town Watch
22:35 Gold Mining
24:34 Padded Archer Armor
29:30 Castle Age
27:43 Stone Mining
30:19 Horse Collar
30:56 Bow Saw
31:05 Crossbowman
34:37 Town Patrol
35:41 Heavy Plow
37:56 Murder Holes
44:40 Hand Cart
45:24 Bloodlines
45:15 Husbandry
47:06 Forging
47:02 Scale Barding Armor
51:54 Imperial Age
49:46 Chain Barding Armor
50:02 Iron Casting
49:29 Scale Mail Armor
50:18 Leather Archer Armor
50:13 Thumb Ring
50:32 Ballistics
51:15 Fervor
52:14 Gold Shaft Mining
52:33 Fletching
53:28 Conscription
54:43 Ring Archer Armor
54:09 Bodkin Arrow
53:57 Light Cavalry
57:03 Rocketry
56:55 Capped Ram
57:24 Cavalier
58:23 Siege Ram
Connection lost

Rejoining the realm…

Still unreachable

The connection could not be restored.

Session expired

The server has moved on; the page needs a fresh start.